 Dungeon Crawl Stone Soup version 0.27.1-34-g3ba077fa99 (webtiles) character file.

Game seed: 417197167904286631

88 MacCMillion the Stinger (level 4, -6/24 HPs)
             Began as a Tengu Venom Mage on Jan 3, 2022.
             Mangled by Natasha (7 damage)
             ... on level 3 of the Dungeon.
             The game lasted 00:09:46 (3152 turns).

MacCMillion the Stinger (Tengu Venom Mage)          Turns: 3152, Time: 00:09:47

Health: -6/24      AC:  2    Str:  8    XL:     4   Next: 53%
Magic:  1/9        EV: 12    Int: 17    God:
Gold:   102        SH:  0    Dex: 14    Spells: 5/8 levels left

rFire    . . .     SeeInvis .   e - +0 dagger
rCold    + . .     Faith    .   (no shield)
rNeg     . . .     Spirit   .   a - +0 robe
rPois    .         Reflect  .   (helmet restricted)
rElec    .         Harm     .   (no cloak)
rCorr    .         Rampage  .   (no gloves)
Will     .....                  (boots unavailable)
Stlth    ++........             (no amulet)
HPRegen  0.08/turn              c - ring of protection from cold
MPRegen  0.11/turn              (no ring)

@: very slightly contaminated
A: beak, talons 3
a: no special abilities


You were on level 3 of the Dungeon.
You visited 1 branch of the dungeon, and saw 3 of its levels.

You collected 124 gold pieces.
You spent 22 gold pieces at shops.

Inventory:

Hand Weapons
 e - a +0 dagger (weapon)
Armour
 a - a +0 robe (worn)
Jewellery
 c - a ring of protection from cold (left hand)
 d - a ring of ice
Scrolls
 b - a scroll of summoning


   Skills:
 - Level 2.1 Dodging
 - Level 2.0 Stealth
 + Level 2.9 Spellcasting
 - Level 1.0 Transmutations
 + Level 2.4 Air Magic
 + Level 3.9 Poison Magic


You had 5 spell levels left.
You knew the following spells:

 Your Spells              Type           Power      Damage    Failure   Level
a - Sting                 Tmut/Pois      40%        1d5       6%          1
b - Poisonous Vapours     Pois/Air       26%        N/A       7%          2

Your spell library contained the following spells:

 Spells                   Type           Power      Damage    Failure   Level
 Mephitic Cloud           Conj/Pois/Air  9%         N/A       22%         3
 Blink                    Tloc           N/A        N/A       26%         2
 Olgreb's Toxic Radiance  Pois           15%        N/A       34%         4
 Manifold Assault         Tloc           2%         N/A       99%         5
 Storm Form               Tmut/Air       4%         N/A       100%        7


Dungeon Overview and Level Annotations

Branches:
Dungeon (3/15)

Altars:

Shops:
D:1 (!?(

Annotations:
D:3 Natasha


Innate Abilities, Weirdness & Mutations

You have a beak for a mouth.
You have claws for feet.


Message History

Aim: Natasha (64% to hit)
The sting hits Natasha but does no damage.
Natasha is poisoned.
Natasha claws you.
Unknown command.
Aiming: Sting (safe; 6% risk of failure)
Press: ? - help, Q - select action, (/) - cycle Shift-Dir - straight line, f/p - Natasha
Aim: Natasha (lightly wounded, poisoned, 64% to hit)
The sting hits Natasha.
Natasha looks even sicker.
Natasha is moderately wounded.
Natasha closely misses you.
Unknown command.
Aiming: Sting (safe; 6% risk of failure)
Press: ? - help, Q - select action, (/) - cycle Shift-Dir - straight line, f/p - Natasha
Aim: Natasha (moderately wounded, very poisoned, 64% to hit)
You miscast Sting.
Nothing appears to happen.
Natasha misses you.
Unknown command.
Unknown command.
Aiming: Sting (safe; 6% risk of failure)
Press: ? - help, Q - select action, (/) - cycle Shift-Dir - straight line, f/p - Natasha
Aim: Natasha (heavily wounded, very poisoned, 64% to hit)
The sting hits Natasha.
Natasha looks even sicker.
Natasha is heavily wounded.
Natasha stares at you and mumbles some strange words.
The magic dart hits you.
Unknown command.
Aiming: Sting (safe; 6% risk of failure)
Press: ? - help, Q - select action, (/) - cycle Shift-Dir - straight line, f/p - Natasha
Aim: Natasha (severely wounded, very poisoned, 64% to hit)
The sting hits Natasha.
Natasha looks as sick as possible!
Natasha is almost dead.
Natasha stares at you and mumbles some strange words.
The magic dart hits you!
* * * LOW HITPOINT WARNING * * *
Unknown command.
You hit Natasha but do no damage.
Natasha is almost dead.
Natasha claws you!
You die...

#......... #.........
#......... #....... #.
#>..... #.## #...# # #
..... #...# .#...
.#.#.# #.h.##.....#
......# #.#@........
.#.#...## #.#......#.^
........####.###.......
#......<...............
#........##.#.#........
#......#..#.#h.....#.#r
#......................
#.......##.........#.#.
........ ...........


You could see Natasha (extremely poisoned).

Vanquished Creatures
  Natasha (D:3)
  A hound skeleton (D:2)
  An adder (D:2)
  A worm (D:2)
  3 dart slugs
  6 ball pythons
  2 bats (D:1)
  2 endoplasms
  3 goblins
  4 hobgoblins
  2 jackals (D:1)
  A quokka (D:2)
  2 frilled lizards
  3 kobolds
  A rat (D:1)
33 creatures vanquished.

Notes
Turn   | Place    | Note
-------+----------+-------------------------------------------
     0 | D:1      | MacCMillion the Tengu Venom Mage began the quest for the
                  | Orb.
     0 | D:1      | Reached XP level 1. HP: 10/10 MP: 4/4
    16 | D:1      | Found Puri's Antique Weapon Shop.
   105 | D:1      | Found Favvuc's Magic Scroll Emporium.
   115 | D:1      | Reached skill level 1 in Transmutations
   160 | D:1      | Found a faded altar of an unknown god.
   192 | D:1      | Found Ysoats's Antique Weapon Boutique.
   243 | D:1      | Reached XP level 2. HP: 15/15 MP: 4/6
   306 | D:1      | Found Uclugex's Distillery.
   412 | D:1      | Learned a level 2 spell: Poisonous Vapours
  1069 | D:1      | Bought a scroll of identify for 22 gold pieces
  1753 | D:2      | Reached skill level 1 in Air Magic
  1753 | D:2      | Reached XP level 3. HP: 19/19 MP: 4/7
  2743 | D:2      | Reached XP level 4. HP: 20/24 MP: 5/9
  3020 | D:3      | Noticed Natasha
  3030 | D:3      | Killed Natasha
  3137 | D:3      | Noticed Natasha
  3151 | D:3      | HP: 1/24 [Natasha/magic dart (7)]
  3152 | D:3      | Mangled by Natasha

Illustrated notes

Levels and vault maps discovered:
D:1:      minmay_arrival_checkered_box, layout_loops_ring,
          shapermc_ecumenical_altar_gd, serial_shops, nicolae_shop_behind_doors,
          nicolae_shop_waterfront, shop,
          nicolae_shop_competitors_out_of_business
D:2:      layout_basic, kennysheep_decorative_pillar, kennysheep_generic_room_3
D:3:      layout_rooms, portal_sewer_entry_a, serial_glass, glass_columns_b,
          glass_columns_b, glass_columns_a, glass_columns_a, glass_columns_a,
          glass_columns_b, glass_columns_a, glass_columns_a, glass_columns_a,
          glass_columns_a, glass_columns_b, glass_columns_b, glass_columns_a,
          glass_columns_a, minmay_shallow_snake_nest, uniq_natasha,
          uniq_crazy_yiuf_cottage, uniq_jessica

Skill      XL: |  1  2  3  4 |
---------------+-------------+-----
Transmutations | 1 |  1.0
Air Magic      | 1 2 |  2.4
Dodging        | |  2.1
Stealth        | |  2.0
Spellcasting   | |  2.9
Poison Magic   | |  3.9

Action                   |  1- 3 |  4- 6 || total
-------------------------+-------+-------++-------
Melee: Dagger            |     2 |     4 ||     6
       Kick              |     2 |       ||     2
       Peck              |     1 |       ||     1
 Cast: Sting             |    58 |    14 ||    72
       Poisonous Vapours |     5 |       ||     5
  Use: Scroll            |     2 |       ||     2
       Potion            |     1 |       ||     1
Armor: Robe              |     5 |     2 ||     7
Dodge: Dodged            |    24 |     6 ||    30
